| TOP OF THE 1ST |
|
Seattle (APP) Mariners batting - Pitching for Greeneville Astros : LHP Jorge Ortiz
|
|
Pitching: LHP Jorge Ortiz
|
|
|
Batting: RHB Carlton McDonald
|
0-0: Called Strike 0-1: Ball 1-1: Ball 2-1: Foul Ball, location: 2F 2-2: Ball 3-2: Base on Balls
|
|
Batting: RHB Rich Griffith
|
0-0: Ball 1-0: Ground out U3 (Groundball, 3S, EV 68.1 MPH) Carlton McDonald to second
|
|
Batting: LHB William Gonzales
|
0-0: Called Strike 0-1: Foul Ball, location: 2F 0-2: Ball 1-2: Foul Ball, location: 2F 1-2: Ball 2-2: Ball 3-2: Strikes out looking
|
|
Batting: RHB Eddie Luna
|
0-0: Ball 1-0: Ball 2-0: Called Strike 2-1: 2-RUN HOME RUN (Flyball, 7LD, EV 94.4 MPH), Distance : 354 ft
|
|
Batting: RHB Victor Rosas
|
0-0: Ball 1-0: Called Strike 1-1: Ball 2-1: Foul Ball, location: 2F 2-2: Ball 3-2: Base on Balls
|
|
Batting: RHB Joaquin Salazar
|
0-0: Called Strike 0-1: Swinging Strike 0-2: Strikes out swinging
|
| Top of the 1st over - 2 runs, 1 hit, 0 errors, 1 left on base; Seattle (APP) 2 - Greeneville 0 |
| BOTTOM OF THE 1ST |
|
Greeneville Astros batting - Pitching for Seattle (APP) Mariners : LHP Tristan Martin
|
|
Pitching: LHP Tristan Martin
|
|
|
Batting: RHB Bill Borden
|
0-0: Foul Ball, location: 2F 0-1: DOUBLE (Line Drive, 7LS, EV 89.4 MPH)
|
|
Batting: SHB Rory Mozer
|
0-0: Ball 1-0: Ball 2-0: Ball 3-0: Base on Balls
|
|
Batting: SHB Steve Ramsey
|
0-0: Ball 1-0: Ball 2-0: Ball 3-0: Base on Balls Bill Borden to third Rory Mozer to second
|
|
Batting: RHB Roberto Rios
|
0-0: Ball 1-0: Called Strike 1-1: Ball 2-1: Grounds into double play, 4-6-3 (Groundball, 4, EV 85.6 MPH) Bill Borden scores Rory Mozer to third
|
|
Batting: RHB Jamie Walker
|
0-0: Ball 1-0: Swinging Strike 1-1: Foul Ball, location: 2F 1-2: Strikes out looking
|
| Bottom of the 1st over - 1 run, 1 hit, 0 errors, 1 left on base; Seattle (APP) 2 - Greeneville 1 |
| TOP OF THE 2ND |
|
Seattle (APP) Mariners batting - Pitching for Greeneville Astros : LHP Jorge Ortiz
|
|
Batting: RHB Ziven Badersky
|
0-0: Called Strike 0-1: Ball 1-1: Ground out 5-3 (Groundball, 56, EV 103.1 MPH)
|
|
Batting: LHB Garrett Dodge
|
0-0: Ball 1-0: Called Strike 1-1: Foul Ball, location: 2F 1-2: Strikes out looking
|
|
Batting: RHB Steve Carmichael
|
0-0: Foul Ball, location: 2F 0-1: Fly out, F7 (Flyball, 7D, EV 106.9 MPH)
|
| Top of the 2nd over - 0 runs, 0 hits, 0 errors, 0 left on base; Seattle (APP) 2 - Greeneville 1 |
| BOTTOM OF THE 2ND |
|
Greeneville Astros batting - Pitching for Seattle (APP) Mariners : LHP Tristan Martin
|
|
Batting: LHB Ryan Fridley
|
0-0: Called Strike 0-1: Ball 1-1: Swinging Strike 1-2: Ground out 4-3 (Groundball, 4, EV 110.0 MPH)
|
|
Batting: RHB Josh Reisner
|
0-0: Called Strike 0-1: Ball 1-1: Ground out U3 (Groundball, 34D, EV 108.8 MPH)
|
|
Batting: RHB Fernan Tedeschi
|
0-0: Called Strike 0-1: Swinging Strike 0-2: Ball 1-2: Foul Ball, location: 2F 1-2: TRIPLE (Flyball, 89XD, EV 109.4 MPH)
|
|
Batting: RHB Mike Brisbin
|
0-0: Ball Passed Ball! Fernan Tedeschi scores 1-0: Foul Ball, location: 2F 1-1: Ball 2-1: Ball 3-1: Ground out 4-3 (Groundball, 4, EV 81.9 MPH)
|
| Bottom of the 2nd over - 1 run, 1 hit, 0 errors, 0 left on base; Seattle (APP) 2 - Greeneville 2 |
| TOP OF THE 3RD |
|
Seattle (APP) Mariners batting - Pitching for Greeneville Astros : LHP Jorge Ortiz
|
|
Batting: RHB Carlton McDonald
|
0-0: Ball 1-0: Foul Ball, location: 2F 1-1: Ball 2-1: Ball 3-1: Foul Ball, location: 2F 3-2: Strikes out swinging
|
|
Batting: RHB Rich Griffith
|
0-0: Ball 1-0: Foul Ball, location: 2F 1-1: Ball 2-1: Ball 3-1: Fly out, F7 (Flyball, 78S, EV 85.0 MPH)
|
|
Batting: LHB William Gonzales
|
0-0: Ball 1-0: Ball 2-0: Called Strike 2-1: Called Strike 2-2: Foul Ball, location: 2F 2-2: SINGLE (Groundball, 6M, EV 96.2 MPH) (infield hit)
|
|
Batting: RHB Eddie Luna
|
0-0: Called Strike 0-1: Ball 1-1: Fly out, F8 (Flyball, 8RXD, EV 106.9 MPH)
|
| Top of the 3rd over - 0 runs, 1 hit, 0 errors, 1 left on base; Seattle (APP) 2 - Greeneville 2 |
| BOTTOM OF THE 3RD |
|
Greeneville Astros batting - Pitching for Seattle (APP) Mariners : LHP Tristan Martin
|
|
Batting: RHB Bill Borden
|
0-0: Ball 1-0: Ball 2-0: Ground out 4-3 (Groundball, 4M, EV 81.2 MPH)
|
|
Batting: SHB Rory Mozer
|
0-0: Ground out 5-3 (Groundball, 56S, EV 80.0 MPH)
|
|
Batting: SHB Steve Ramsey
|
0-0: Called Strike 0-1: Ball 1-1: Swinging Strike 1-2: Ball 2-2: Ball 3-2: Strikes out swinging
|
| Bottom of the 3rd over - 0 runs, 0 hits, 0 errors, 0 left on base; Seattle (APP) 2 - Greeneville 2 |
| TOP OF THE 4TH |
|
Seattle (APP) Mariners batting - Pitching for Greeneville Astros : LHP Jorge Ortiz
|
|
Batting: RHB Victor Rosas
|
0-0: Ground out 5-3 (Groundball, 56, EV 86.2 MPH)
|
|
Batting: RHB Joaquin Salazar
|
0-0: Ball 1-0: Ball 2-0: Ball 3-0: Called Strike 3-1: Called Strike 3-2: Foul Ball, location: 2F 3-2: Foul Ball, location: 2F 3-2: SINGLE (Groundball, 4M, EV 85.6 MPH) (infield hit)
|
|
Batting: RHB Ziven Badersky
|
0-0: Called Strike Joaquin Salazar steals 2nd base 0-1: Called Strike 0-2: Ball 1-2: Ground out 6-3 (Groundball, 6, EV 86.9 MPH) Joaquin Salazar to third
|
|
Batting: LHB Garrett Dodge
|
0-0: Ball 1-0: Foul Ball, location: 2F 1-1: Swinging Strike 1-2: Ball 2-2: Strikes out swinging
|
| Top of the 4th over - 0 runs, 1 hit, 0 errors, 1 left on base; Seattle (APP) 2 - Greeneville 2 |
| BOTTOM OF THE 4TH |
|
Greeneville Astros batting - Pitching for Seattle (APP) Mariners : LHP Tristan Martin
|
|
Batting: RHB Roberto Rios
|
0-0: Ball 1-0: Ball 2-0: Ball 3-0: Called Strike 3-1: Base on Balls
|
|
Batting: RHB Jamie Walker
|
0-0: Ball 1-0: Ball 2-0: Called Strike 2-1: Foul Ball, location: 2F 2-2: Strikes out swinging
|
|
Batting: LHB Ryan Fridley
|
0-0: Ball Roberto Rios is caught stealing 2nd base 2-6 1-0: Ball 2-0: Ground out U3 (Groundball, 3, EV 90.0 MPH)
|
| Bottom of the 4th over - 0 runs, 0 hits, 0 errors, 0 left on base; Seattle (APP) 2 - Greeneville 2 |
| TOP OF THE 5TH |
|
Seattle (APP) Mariners batting - Pitching for Greeneville Astros : LHP Jorge Ortiz
|
|
Batting: RHB Steve Carmichael
|
0-0: Called Strike 0-1: Ball 1-1: Foul Ball, location: 2F 1-2: Ball 2-2: Strikes out swinging
|
|
Pitching: RHP Marc Marchand
|
|
|
Batting: RHB Carlton McDonald
|
0-0: Foul Ball, location: 2F 0-1: Ground out 4-3 (Groundball, 4, EV 83.8 MPH)
|
|
Batting: RHB Rich Griffith
|
0-0: Called Strike 0-1: Ball 1-1: Ball 2-1: Ball 3-1: Base on Balls
|
|
Batting: LHB William Gonzales
|
0-0: Called Strike Rich Griffith steals 2nd base 0-1: Foul Ball, location: 2F 0-2: Ball 1-2: Foul Ball, location: 2F 1-2: Ball 2-2: Ball 3-2: Hit by Pitch
|
|
Batting: RHB Eddie Luna
|
0-0: Ball 1-0: Swinging Strike 1-1: Single, Error in OF, E9, batter to second base (Line Drive, 9S, EV 87.5 MPH) Rich Griffith scores William Gonzales to third
|
|
Batting: RHB Victor Rosas
|
0-0: Swinging Strike 0-1: Ball 1-1: Ground out 6-3 (Groundball, 6MS, EV 60.6 MPH)
|
| Top of the 5th over - 1 run, 1 hit, 1 error, 2 left on base; Seattle (APP) 3 - Greeneville 2 |
| BOTTOM OF THE 5TH |
|
Greeneville Astros batting - Pitching for Seattle (APP) Mariners : LHP Tristan Martin
|
|
Batting: RHB Josh Reisner
|
0-0: Foul Ball, location: 2F 0-1: SINGLE (Line Drive, 8RS, EV 108.1 MPH)
|
|
Batting: RHB Fernan Tedeschi
|
0-0: Ball 1-0: Ball 2-0: Ball 3-0: Base on Balls Josh Reisner to second
|
|
Batting: RHB Mike Brisbin
|
0-0: Grounds into double play, 6-4-3 (Groundball, 6S, EV 86.2 MPH) Josh Reisner to third
|
|
Batting: RHB Bill Borden
|
0-0: Called Strike 0-1: Fly out, F8 (Flyball, 78S, EV 94.4 MPH)
|
| Bottom of the 5th over - 0 runs, 1 hit, 0 errors, 1 left on base; Seattle (APP) 3 - Greeneville 2 |
| TOP OF THE 6TH |
|
Seattle (APP) Mariners batting - Pitching for Greeneville Astros : RHP Marc Marchand
|
|
Batting: RHB Joaquin Salazar
|
0-0: Called Strike 0-1: Ball 1-1: Ground out 6-3 (Groundball, 6, EV 98.8 MPH)
|
|
Batting: RHB Ziven Badersky
|
0-0: Swinging Strike 0-1: Ball 1-1: Foul Ball, location: 2F 1-2: Ball 2-2: Foul Ball, location: 2F 2-2: Ground out 6-3 (Groundball, 6, EV 86.9 MPH)
|
|
Batting: LHB Garrett Dodge
|
0-0: Ball 1-0: Called Strike 1-1: Swinging Strike 1-2: Ball 2-2: Strikes out swinging
|
| Top of the 6th over - 0 runs, 0 hits, 0 errors, 0 left on base; Seattle (APP) 3 - Greeneville 2 |
| BOTTOM OF THE 6TH |
|
Greeneville Astros batting - Pitching for Seattle (APP) Mariners : LHP Tristan Martin
|
|
Batting: SHB Rory Mozer
|
0-0: Ball 1-0: Called Strike 1-1: Called Strike 1-2: Ball 2-2: Foul Ball, location: 2F 2-2: Strikes out swinging
|
|
Batting: SHB Steve Ramsey
|
0-0: Ground out 6-3 (Groundball, 6, EV 100.6 MPH)
|
|
Batting: RHB Roberto Rios
|
0-0: Called Strike 0-1: Ball 1-1: SOLO HOME RUN (Flyball, 9D, EV 103.8 MPH), Distance : 408 ft
|
|
Batting: RHB Jamie Walker
|
0-0: SINGLE (Line Drive, 78S, EV 104.4 MPH)
|
|
Pitching: RHP Daniel Villalobos
|
|
|
Batting: LHB Ryan Fridley
|
0-0: Ball 1-0: Called Strike 1-1: Called Strike 1-2: Foul Ball, location: 2F 1-2: Ball 2-2: Strikes out swinging
|
| Bottom of the 6th over - 1 run, 2 hits, 0 errors, 1 left on base; Seattle (APP) 3 - Greeneville 3 |
| TOP OF THE 7TH |
|
Seattle (APP) Mariners batting - Pitching for Greeneville Astros : RHP Marc Marchand
|
|
Pitching: RHP Marty Jackson
|
|
|
Batting: RHB Steve Carmichael
|
0-0: Ball 1-0: Called Strike 1-1: Foul Ball, location: 2F 1-2: Ball 2-2: Foul Ball, location: 2F 2-2: Strikes out swinging, 2-3 out at first.
|
|
Batting: RHB Carlton McDonald
|
0-0: Ball 1-0: Swinging Strike 1-1: Ball 2-1: Swinging Strike 2-2: Ground out 5-3 (Groundball, 56S, EV 84.4 MPH)
|
|
Batting: RHB Rich Griffith
|
0-0: Fly out, F9 (Line Drive, 9, EV 91.2 MPH)
|
| Top of the 7th over - 0 runs, 0 hits, 0 errors, 0 left on base; Seattle (APP) 3 - Greeneville 3 |
| BOTTOM OF THE 7TH |
|
Greeneville Astros batting - Pitching for Seattle (APP) Mariners : RHP Daniel Villalobos
|
|
Pitching: RHP Ross Hallock
|
|
|
Batting: RHB Josh Reisner
|
0-0: Ball 1-0: Ball 2-0: Ball 3-0: Called Strike 3-1: Base on Balls
|
|
Batting: RHB Fernan Tedeschi
|
0-0: Bunt missed! 0-1: Ball 1-1: Sac Bunt - play at second, runner OUT -> throw to first, DP!
|
|
Pinch Hitting: LHB Bert Middleton
|
0-0: Ball 1-0: Ball 2-0: Ball 3-0: Base on Balls
|
|
Batting: RHB Bill Borden
|
0-0: Ball 1-0: Ball 2-0: Ball 3-0: Called Strike 3-1: Called Strike 3-2: Strikes out swinging
|
| Bottom of the 7th over - 0 runs, 0 hits, 0 errors, 1 left on base; Seattle (APP) 3 - Greeneville 3 |
| TOP OF THE 8TH |
|
Seattle (APP) Mariners batting - Pitching for Greeneville Astros : RHP Marty Jackson
|
|
Now at 3B: Hugo Priego
|
|
|
Batting: LHB William Gonzales
|
0-0: Ground out U3 (Groundball, 3, EV 109.4 MPH)
|
|
Batting: RHB Eddie Luna
|
0-0: Ball 1-0: Ball 2-0: Called Strike 2-1: Swinging Strike 2-2: Strikes out swinging
|
|
Pinch Hitting: LHB Yoshihisa Kobayashi
|
0-0: Ball 1-0: Ball 2-0: Foul Ball, location: 2F 2-1: Ball 3-1: Base on Balls
|
|
Batting: RHB Joaquin Salazar
|
0-0: Called Strike Yoshihisa Kobayashi is caught stealing 2nd base 2-4
|
| Top of the 8th over - 0 runs, 0 hits, 0 errors, 0 left on base; Seattle (APP) 3 - Greeneville 3 |
| BOTTOM OF THE 8TH |
|
Greeneville Astros batting - Pitching for Seattle (APP) Mariners : RHP Ross Hallock
|
|
Pitching: RHP Jayden Ross
|
|
|
Now at C: Frank Amato
|
|
|
Batting: SHB Rory Mozer
|
0-0: Fly out, F8 (Flyball, 8LM, EV 86.2 MPH)
|
|
Batting: SHB Steve Ramsey
|
0-0: Ground out 3-1 (Groundball, 34S, EV 80.6 MPH)
|
|
Batting: RHB Roberto Rios
|
0-0: Ground out 5-3 (Groundball, 5L, EV 101.9 MPH)
|
| Bottom of the 8th over - 0 runs, 0 hits, 0 errors, 0 left on base; Seattle (APP) 3 - Greeneville 3 |
| TOP OF THE 9TH |
|
Seattle (APP) Mariners batting - Pitching for Greeneville Astros : RHP Marty Jackson
|
|
Pitching: RHP Tim Williams
|
|
|
Pinch Hitting: RHB Caleb Dean
|
0-0: Called Strike 0-1: Swinging Strike 0-2: Ball 1-2: Ball 2-2: Foul Ball, location: 2F 2-2: Ground out 6-3 (Groundball, 6, EV 103.1 MPH)
|
|
Batting: RHB Ziven Badersky
|
0-0: Ball 1-0: SOLO HOME RUN (Flyball, 89XD, EV 101.2 MPH), Distance : 424 ft
|
|
Batting: LHB Garrett Dodge
|
0-0: Foul Ball, location: 2F 0-1: Foul Ball, location: 2F 0-2: Ball 1-2: Ground out 5-3 (Groundball, 56, EV 88.8 MPH)
|
|
Batting: RHB Steve Carmichael
|
0-0: Ball 1-0: Called Strike 1-1: Ball 2-1: Foul Ball, location: 2F 2-2: Ball 3-2: Foul Ball, location: 2F 3-2: Ground out 4-3 (Groundball, 4, EV 103.1 MPH)
|
| Top of the 9th over - 1 run, 1 hit, 0 errors, 0 left on base; Seattle (APP) 4 - Greeneville 3 |
| BOTTOM OF THE 9TH |
|
Greeneville Astros batting - Pitching for Seattle (APP) Mariners : RHP Jayden Ross
|
|
Pitching: RHP Yen-nien Luo
|
|
|
Now in CF: Caleb Dean
|
|
|
Batting: RHB Jamie Walker
|
0-0: Called Strike 0-1: Fly out, F6 (Popup, 6M, EV 75.0 MPH)
|
|
Batting: LHB Ryan Fridley
|
0-0: Foul Ball, location: 2F 0-1: Foul Ball, location: 2F 0-2: Ball 1-2: Foul Ball, location: 2F 1-2: Ball 2-2: Strikes out swinging
|
|
Batting: RHB Josh Reisner
|
0-0: Ball 1-0: Ball 2-0: Foul Ball, location: 2F 2-1: Foul Ball, location: 2F 2-2: Fly out, F8 (Flyball, 8LD, EV 95.0 MPH)
|
| Bottom of the 9th over - 0 runs, 0 hits, 0 errors, 0 left on base; Seattle (APP) 4 - Greeneville 3 |
|